 Dungeon Crawl Stone Soup version 0.31-a0-234-gad7ace16ef (webtiles) character file.

Game seed: 16127193518515875274

4001 Nattfarinn the Summoner (level 10, -10/65 HPs)
             Began as a Barachi Hexslinger on July 10, 2023.
             Was a Priest of Cheibriados.
             Mangled by a wyvern (15 damage)
             ... on level 7 of the Dungeon.
             The game lasted 00:22:41 (6684 turns).

Nattfarinn the Summoner (Barachi Hexslinger)        Turns: 6684, Time: 00:22:42

Health: -10/65     AC:  8    Str: 16    XL:     10   Next: 23%
Magic:  14/20      EV: 18    Int: 26    God:    Cheibriados [***...]
Gold:   496        SH:  5    Dex: 21    Spells: 4/11 levels left

rFire   + . .        g - +3 sling
rCold   + . .        (no shield)
rNeg    + . .        o - +2 robe {rN+}
rPois   +            w - +0 helmet
rElec   .            E - scarf {rC+ rF+}
rCorr   .            D - +0 pair of gloves
SInv    .            (no boots)
Will    .....        j - amulet of reflection
Stlth   ++           i - +5 ring of evasion
HPRegen 0.30/turn    l - ring of magical power
MPRegen 0.17/turn

%: reflection
@: about to teleport, very slow
A: amphibious, slowness 1, strong legs 1, +LOS, iridescent scales 1, poison
resistance
a: Hop, Renounce Religion, Bend Time, Temporal Distortion


You were on level 7 of the Dungeon.
You worshipped Cheibriados.
Cheibriados was most pleased with you.
You visited 1 branch of the dungeon, and saw 8 of its levels.

You collected 496 gold pieces.

Inventory:

Hand Weapons
 a - a +1 sling
 g - a +3 sling (weapon)
Missiles
 v - a throwing net
Armour
 o - a +2 robe of positive energy (worn)
 w - a +0 helmet (worn)
 y - a scarf of invisibility
 A - an orb of guile
 D - a +0 pair of gloves (worn)
 E - a scarf of resistance (worn)
Jewellery
 i - a +5 ring of evasion (left hand)
 j - an amulet of reflection (around neck)
 l - a ring of magical power (right hand)
 q - a +5 ring of evasion
 r - a ring of magical power
Wands
 c - a wand of flame (12)
 p - a wand of paralysis (11)
 H - a wand of polymorph (8)
Scrolls
 b - 3 scrolls of poison
 k - 3 scrolls of teleportation
 n - a scroll of amnesia
 t - 2 scrolls of identify
 B - a scroll of revelation
 C - 3 scrolls of vulnerability
 G - a scroll of enchant weapon {unknown}
Potions
 d - a potion of berserk rage {unknown}
 f - a potion of attraction {unknown}
 h - 4 potions of enlightenment
 m - a potion of magic {unknown}
 s - a potion of degeneration {unknown}
 u - a potion of mutation
 x - 2 potions of lignification {unknown}
 z - a potion of brilliance {unknown}
 F - a potion of heal wounds {unknown}


   Skills:
 - Level 1.2 Fighting
 + Level 9.0 Ranged Weapons
 - Level 2.1 Dodging
 - Level 1.1 Spellcasting
 - Level 3.2 Hexes
 - Level 10.1 Summonings
 * Level 8.5 Evocations


You had 4 spell levels left.
You knew the following spells:

 Your Spells              Type           Power      Damage    Failure   Level
a - Slow                  Hex            72%        N/A       3%          1
b - Call Canine Familiar  Summ           52%        N/A       1%          3
c - Summon Guardian Gole  Hex/Summ       36%        N/A       2%          3

Your spell library contained the following spells:

 Spells                   Type           Power      Damage    Failure   Level
 Summon Small Mammal      Summ           100%       N/A       1%          1
 Sandblast                Erth           2%         2d4       12%         1
 Passwall                 Tmut/Erth      0%         N/A       17%         2
 Inner Flame              Hex/Fire       9%         N/A       17%         3
 Portal Projectile        Hex/Tloc       18%        N/A       17%         3
 Cause Fear               Hex            9%         N/A       30%         4
 Stone Arrow              Conj/Erth      2%         3d7       34%         3
 Flame Wave               Conj/Fire      1%         2d4       75%         4
 Sticky Flame             Conj/Fire      1%         2d3       75%         4


Dungeon Overview and Level Annotations

Branches:
Dungeon (8/15)             Temple (0/1) D:6
   Lair: D:8-11

Altars:
Cheibriados
Fedhas
Kikubaaqudgha
Okawaru
Sif Muna
Wu Jian
Yredelemnul

Shops:
D:2 (   D:7 :


Innate Abilities, Weirdness & Mutations

You are amphibious.
You cover ground slowly.
You can hop short distances.
You have an extended range of vision and can be seen from far away.
You are partially covered in iridescent scales. (AC +2)
Your system is resistant to poisons. (rPois)


Message History

Your wolf is engulfed in blazing flames.
Your wolf dies!
Your wolf's corpse disappears in a puff of smoke!
The wyvern closely misses you.
You shoot a sling bullet.
The sling bullet barely misses the wyvern.
The wyvern closely misses you.
Your guardian golem overheats!
The wyvern bites you!
You shoot a sling bullet.
The sling bullet barely misses the wyvern.
The wyvern bites you.
You shoot a sling bullet.
The sling bullet closely misses the wyvern.
The wyvern closely misses you. The wyvern misses you.
You shoot a sling bullet. The sling bullet hits the wyvern.
The wyvern is severely wounded.
The gnoll is no longer moving quickly.
The wyvern bites you! The wyvern bites you!
* * * LOW HITPOINT WARNING * * *
The wyvern closely misses you. The wyvern attacks as you move away!
The wyvern closely misses you.
The gnoll is no longer moving quickly.
The wyvern completely misses you. The wyvern bites you.
* * * LOW HITPOINT WARNING * * *
There is a stone staircase leading up, spattered with blood here.
You block the wyvern's attack.
You climb upwards.
There is a stone staircase leading down here.
Okay, then.
Okay, then.
It was a potion of mutation.
You feel extremely strange.
You feel resistant to poisons.
Iridescent scales grow over part of your body.
The wyvern bites you.
* * * LOW HITPOINT WARNING * * *
You block the wyvern's attack.
As you read the scroll of teleportation, it crumbles to dust.
You feel strangely unstable. The wyvern bites you!
You die...

#.### #...........# #...#
#.#########.# #.#.# #.# #.#
#.#.#####.# #.# #.#.....#.#
#.# #.#.....#.# #.#
#.#.....#.# #.#
#.#.....#.###### #.#
#..<....#.#@l..# #.#
###.......#)#..#.# #.# ######
#.........#)#....####.###.....
#.#..#+####.#.#...............
#.#######.....##.##.#####.####
#.............##....# #.# #
########......####### #.####
#...##......######.....
#...##..........######.


You could see a wyvern.

Vanquished Creatures
  3 water moccasins
  A sky beast (D:6)
  A centaur (D:6)
  2 wights (D:6)
  Dowan (D:5)
  A howler monkey (D:4)
  An electric eel (D:6)
  A centaur zombie (D:5)
  A bullfrog zombie (D:5)
  A gnoll bouda (D:7)
  3 orc priests
  2 hounds
  A jelly (D:6)
  Jessica (D:3)
  2 orc wizards
  A gnoll (D:5)
  4 adders
  2 ufetubi
  2 dart slugs (D:2)
  A worm (D:2)
  12 orcs
  5 endoplasms
  2 giant cockroaches (D:2)
  8 goblins
  7 hobgoblins
  3 jackals (D:1)
  3 quokkas
  2 ball pythons
  5 bats
  4 frilled lizards
  3 kobolds
  7 rats
93 creatures vanquished.

Vanquished Creatures (collateral kills)
  The ghost of Scrael the Conjurer, a novice DsRe (D:7)
  Maggie (D:6)
  Menkaure (D:5)
  Duvessa (D:5)
  A sky beast (D:6)
  An ogre (D:7)
  A phantom (D:4)
  A necrophage (D:5)
  2 wights (D:5)
  3 killer bees (D:6)
  A howler monkey (D:5)
  A hound (D:5)
  A sleepcap (D:5)
  Ijyb (D:4)
  2 iguanas (D:6)
  2 orc wizards (D:7)
  A hound zombie (D:5)
  3 mummies (D:5)
  A howler monkey zombie (D:5)
  4 gnolls
  An adder (D:5)
  9 orcs
  2 goblins
  A hobgoblin (D:4)
  A quokka (D:3)
  3 kobolds
47 creatures vanquished.

Vanquished Creatures (others)
  Prince Ribbit (D:5)
  A slime creature (D:6)
  3 wights
  A killer bee (D:6)
  A human zombie (D:5)
  7 jellies (D:6)
  A gnoll bouda (D:8)
  An orc wizard (D:5)
  A gnoll (D:5)
  13 endoplasms (D:6)
30 creatures vanquished.

Grand Total: 170 creatures vanquished

Notes
Turn   | Place    | Note
-------+----------+-------------------------------------------
     0 | D:1      | Nattfarinn the Barachi Hexslinger began the quest for the
                  | Orb.
     0 | D:1      | Reached XP level 1. HP: 15/15 MP: 2/2
   193 | D:1      | Reached XP level 2. HP: 14/21 MP: 3/3
   739 | D:2      | Reached XP level 3. HP: 26/26 MP: 4/4
   744 | D:2      | Found Feron's Antique Weapon Shoppe.
   987 | D:2      | Reached skill level 1 in Summonings
  1557 | D:3      | Reached skill level 2 in Summonings
  1557 | D:3      | Reached XP level 4. HP: 32/32 MP: 5/5
  1587 | D:3      | Found a faded altar of an unknown god.
  1642 | D:3      | Learned a level 3 spell: Call Canine Familiar
  1802 | D:3      | Found an ornate altar of the Wu Jian Council.
  1817 | D:3      | Reached skill level 3 in Summonings
  1924 | D:3      | Reached XP level 5. HP: 37/37 MP: 6/6
  2303 | D:3      | Noticed Jessica
  2320 | D:3      | Killed Jessica
  2321 | D:3      | Reached skill level 4 in Summonings
  2715 | D:4      | Noticed Ijyb
  2727 | D:4      | Killed Ijyb
  2728 | D:4      | Reached XP level 6. HP: 43/43 MP: 7/7
  2759 | D:4      | Reached skill level 5 in Summonings
  3234 | D:5      | Entered Level 5 of the Dungeon
  3234 | D:5      | Noticed Menkaure
  3241 | D:4      | Learned a level 3 spell: Summon Guardian Golem
  3254 | D:5      | Killed Menkaure
  3255 | D:5      | Reached skill level 5 in Ranged Weapons
  3255 | D:5      | Reached skill level 6 in Summonings
  3255 | D:5      | Reached XP level 7. HP: 48/48 MP: 8/8
  3315 | D:5      | Found a snail-covered altar of Cheibriados.
  3320 | D:5      | Became a worshipper of Cheibriados the Contemplative
  3530 | D:5      | Reached skill level 7 in Summonings
  3738 | D:5      | Noticed Dowan
  3739 | D:5      | Noticed Duvessa
  3751 | D:5      | Killed Dowan
  3761 | D:5      | Killed Duvessa
  3762 | D:5      | Reached skill level 8 in Summonings
  3762 | D:5      | Reached XP level 8. HP: 34/54 MP: 2/9
  3900 | D:5      | Noticed Prince Ribbit
  3947 | D:5      | Killed Prince Ribbit
  4103 | D:5      | Found an iron altar of Okawaru.
  4108 | D:5      | Found a blossoming altar of Fedhas.
  4111 | D:5      | Found a shimmering blue altar of Sif Muna.
  4353 | D:5      | Reached skill level 9 in Summonings
  4412 | D:5      | Reached * piety under Cheibriados
  4493 | D:5      | Found a basalt altar of Yredelemnul.
  4548 | D:5      | Reached skill level 10 in Summonings
  4753 | D:6      | Reached skill level 1 in Evocations
  4753 | D:6      | Reached XP level 9. HP: 39/59 MP: 10/10
  5462 | D:6      | Reached skill level 5 in Evocations
  5521 | D:6      | Reached ** piety under Cheibriados
  5678 | D:6      | Found a staircase to the Ecumenical Temple.
  5775 | D:7      | Noticed Maggie
  5794 | D:6      | Killed Maggie
  5921 | D:7      | Reached XP level 10. HP: 65/65 MP: 11/11
  6067 | D:7      | Reached *** piety under Cheibriados
  6095 | D:7      | Found an ancient bone altar of Kikubaaqudgha.
  6141 | D:7      | Found Beeclyu's Self-Improvement Boutique.
  6280 | D:7      | Found a runed translucent door.
  6280 | D:7      | Noticed Scrael's ghost (novice DsRe)
  6493 | D:7      | Killed Scrael's ghost
  6683 | D:7      | Gained mutation: Your system is resistant to poisons.
                  | (rPois) [potion of mutation]
  6683 | D:7      | Gained mutation: You are partially covered in iridescent
                  | scales. (AC +2) [potion of mutation]
  6684 | D:7      | Mangled by a wyvern

Illustrated notes

Levels and vault maps discovered:
D:1:      sevenhm_arrival_forest_fort_large_4, layout_basic, minmay_hexomino_u4
D:2:      layout_basic, serial_shops, shop_statue
D:3:      minmay_bubble_buster, layout_basic, old_standard_altar,
          basic_ecumenical_altar, ebering_dispersal_statue_hall, uniq_jessica
D:4:      corexii_shack_village, layout_basic, mrwooster_statue_mirror,
          uniq_ijyb
D:5:      layout_loops_ring, overflow_temple_1_default,
          lemuel_mausoleum_altar_yredelemnul, minmay_overflow_temple_star_quad,
          uniq_prince_ribbit1, uniq_menkaure, uniq_duvessa
D:6:      lemuel_slime, layout_rooms, minmay_temple_entry_mist,
          solitary_fountain, nicolae_kite_square_tiling_tiny,
          hangedman_decor_peaks_small, kennysheep_generic_room_13
D:7:      layout_basic, kiku_gazebo_garden_becter,
          ebering_ghost_reflecting_pool, nicolae_shop_self_help, uniq_maggie
D:8:      layout_rooms, uniq_gastronok, uniq_maurice, uniq_psyche

Skill      XL: |  1  2  3  4  5  6  7  8  9 10 |
---------------+-------------------------------+-----
Ranged Weapons | 3 4 5 7 8 9 |  9.0
Summonings     | 2 3 4 6 8 10 | 10.1
Evocations     | 1 7 8 |  8.5
Fighting       | |  1.2
Dodging        | |  2.1
Spellcasting   | |  1.1
Hexes          | |  3.2

Action                     |  1- 3 |  4- 6 |  7- 9 | 10-12 || total
---------------------------+-------+-------+-------+-------++-------
  Melee: Sling             |       |       |       |     5 ||     5
   Fire: Sling             |   124 |   106 |   153 |    41 ||   424
   Cast: Call Canine Famil |       |    13 |    25 |     7 ||    45
         Summon Guardian G |       |     1 |    18 |     5 ||    24
    Use: Scroll            |       |     5 |       |     3 ||     8
         Potion            |       |       |     2 |     2 ||     4
 Armour: Robe              |    12 |     1 |    19 |    12 ||    44
  Dodge: Dodged            |    34 |    23 |    77 |    49 ||   183
  Block: Other             |       |    11 |    26 |     6 ||    43
         Reflection        |       |     5 |     2 |       ||     7

Table legend: (Time is in decaauts)
 A = Elapsed time spent in this place.
 B = Non-inter-level travel time spent in this place.
 C = Inter-level travel time spent in this place.
 D = Time resting spent in this place.
 E = Time spent auto-exploring this place.
 F = Levels seen in this place.
 G = Mean time per level.
                   A        B        C        D        E       F      G
               +--------+--------+--------+--------+--------+-----+--------+
         Total |   8446 |   8160 |    286 |    305 |   6414 |   8 | 1055.8 |
       Dungeon |   8446 |   8160 |    286 |    305 |   6414 |   8 | 1055.8 |
               +--------+--------+--------+--------+--------+-----+--------+

Top non-repeatable levels by time:
     D:5: 1901 daAuts
     D:6: 1445 daAuts
     D:3: 1323 daAuts
     D:7: 1285 daAuts
     D:1: 841 daAuts
     D:2: 808 daAuts
     D:4: 802 daAuts
     D:8: 38 daAuts
